 Dungeon Crawl Stone Soup version 0.31-a0-263-ge8cad7f256 (webtiles) character file.

Game seed: 8860662998720094051

905 qw the Skirmisher (level 8, -1/48 HPs)
             Began as a Gargoyle Hexslinger on July 13, 2023.
             Slain by a gnoll
             ... wielding a +0 spear
             ... led by a gnoll bouda
              (4 damage)
             ... on level 6 of the Dungeon.
             The game lasted 00:02:03 (4170 turns).

qw the Skirmisher (Gargoyle Hexslinger)             Turns: 4170, Time: 00:02:04

Health: -1/48      AC: 14    Str: 12    XL:     8   Next: 8%
Magic:  9/9        EV: 15    Int: 14    God:
Gold:   455        SH:  0    Dex: 14    Spells: 8/9 levels left

rFire   . . .        Y - +2 sling
rCold   . . .        (no shield)
rNeg    + . .        d - +0 ring mail
rPois   inf          (no helmet)
rElec   +            (no cloak)
rCorr   .            k - +2 pair of gloves
SInv    .            (no boots)
Will    .....        (no amulet)
Stlth   +            n - +5 ring of evasion
HPRegen 0.28/turn    (no ring)
MPRegen 0.11/turn

%: no passive effects
@: no status effects
A: sickness immunity, AC +5, negative energy resistance 1, electricity
resistance, torment resistance 1, petrification resistance
a: no special abilities


You were on level 6 of the Dungeon.
You visited 1 branch of the dungeon, and saw 6 of its levels.
You also visited: Ossuary.

You collected 539 gold pieces.
You spent 84 gold pieces at shops.


Innate Abilities, Weirdness & Mutations

You are immune to sickness and miasma.
Your stone body is resilient. (AC +5)
You are immune to poison.
You resist negative energy. (rN+)
You are resistant to electric shocks. (rElec)
You are resistant to unholy torment.
You are immune to petrification.


   Skills:
 + Level 4.1 Fighting
 - Level 8.0 Ranged Weapons
 - Level 2.3 Armour
 - Level 1.5 Dodging
 - Level 1.0 Spellcasting
 - Level 2.6 Hexes


You had 8 spell levels left.
You knew the following spells:

 Your Spells              Type           Power      Damage    Failure   Level
a - Slow                  Hex            32%        N/A       19%         1

Your spell library contained the following spells:

 Spells                   Type           Power      Damage    Failure   Level
 Inner Flame              Hex/Fire       4%         N/A       69%         3
 Portal Projectile        Hex/Tloc       8%         N/A       69%         3
 Cause Fear               Hex            4%         N/A       88%         4

Inventory:

Hand Weapons
 Y - a +2 sling (weapon)
Armour
 d - a +0 ring mail (worn)
 k - a +2 pair of gloves (worn)
Jewellery
 e - a ring of ice
 n - a +5 ring of evasion (left hand)
Scrolls
 a - 2 scrolls of identify
 i - a scroll of enchant armour
Potions
 b - 4 potions of curing
 f - 2 potions of haste
 g - a potion of might
 m - a potion of enlightenment
 p - 3 potions of resistance

Dungeon Overview and Level Annotations

Branches:
Dungeon (6/15)            Ossuary (visited)
 Temple: D:4-7

Altars:
Wu Jian
Xom

Shops:
D:3 [


Message History

The gnoll barely misses you.
The gnoll hits you from afar with a +0 spear.
The gnoll hits you but does no damage.
You shoot a sling bullet.
The sling bullet barely misses the gnoll.
The gnoll is no longer moving quickly.
The gnoll completely misses you. x2
The gnoll hits you from afar with a +0 spear.
An orc comes into view. It is wielding a +0 dagger.
The gnoll misses you. x2
You shoot a sling bullet.
The sling bullet hits the gnoll but does no damage.
The gnoll is severely wounded.
Your attacks no longer feel as feeble.
The gnoll is no longer moving quickly.
The gnoll barely misses you. The gnoll misses you.
The gnoll hits you but does no damage. The gnoll misses you.
The gnoll barely misses you. x2
You shoot a sling bullet. The sling bullet hits the gnoll.
You kill the gnoll!
The gnoll closely misses you. The gnoll hits you but does no damage.
The gnoll closely misses you. The gnoll completely misses you.
You shoot a sling bullet. The sling bullet hits the gnoll.
The gnoll is moderately wounded.
The gnoll hits you but does no damage. x2; The gnoll misses you.
The gnoll closely misses you.
The gnoll hits you from afar with a +0 spear.
The gnoll barely misses you.
You shoot a sling bullet. The sling bullet hits the gnoll.
The gnoll is moderately wounded.
The gnoll is no longer moving quickly.
The gnoll misses you. The gnoll hits you with a +0 flail.
The gnoll hits you from afar with a +0 spear.
The gnoll hits you but does no damage.
You shoot a sling bullet. The sling bullet hits the gnoll.
The gnoll is severely wounded.
The gnoll hits you but does no damage. The gnoll misses you.
The gnoll hits you but does no damage. x2
You shoot a sling bullet. The sling bullet hits the gnoll.
You kill the gnoll!
The gnoll hits you from afar with a +0 spear.
You die...

##.#.....
#...)....
#.#..#.#.#
#........#.#
.#......#.# #
ggg......#..
#.###.)........#
#...)@)..#.....#
#.###.##.#.....#
#..........#
####.#.....#
#.#.....##
#).......#
###......#+#
#.)....... #.
#.####....


You could see 3 gnolls.

Vanquished Creatures
  An ice beast (D:5)
  An ogre (D:4)
  A phantom (D:6)
  A scorpion (D:6)
  2 howler monkeys (D:5)
  2 crimson imps (D:4)
  A hound (D:4)
  An orc priest (D:4)
  A gnoll bouda (D:6)
  A sleepcap (D:4)
  3 iguanas
  8 mummies (Ossuary)
  6 gnolls
  2 adders (D:2)
  A white imp (D:6)
  A worm (D:2)
  2 dart slugs
  11 orcs
  A ball python (D:2)
  5 bats
  8 endoplasms
  4 giant cockroaches
  2 gnoll zombies (Ossuary)
  5 goblins
  6 hobgoblins
  4 quokkas
  A frilled lizard (D:1)
  A goblin zombie (D:4)
  3 hobgoblin zombies (Ossuary)
  8 kobolds
  2 kobold zombies (Ossuary)
  An orc zombie (Ossuary)
  A quokka zombie (D:4)
  4 rats
102 creatures vanquished.

Notes
Turn   | Place    | Note
-------+----------+-------------------------------------------
     0 | D:1      | qw the Gargoyle Hexslinger began the quest for the Orb.
     0 | D:1      | Reached XP level 1. HP: 12/12 MP: 2/2
     0 | D:1      | 0 ||| qw: Version: 0.3-a-52-g30416fa
     0 | D:1      | 0 ||| qw: Game counter: 7260
     0 | D:1      | 0 ||| qw: Melee chars always use a shield: true
     0 | D:1      | 0 ||| qw: God list: Okawaru
     0 | D:1      | 0 ||| qw: Allow faded altars: false
     0 | D:1      | 0 ||| qw: Do Orc after clearing Dungeon:15 true
     0 | D:1      | 0 ||| qw: Do second Lair branch before Depths: true
     0 | D:1      | 0 ||| qw: Lair rune preference: random
     0 | D:1      | 0 ||| qw: Goals: Normal
     0 | D:1      | 0 ||| PLANNING D:1-11
    74 | D:1      | Reached XP level 2. HP: 16/16 MP: 3/3
   107 | D:1      | 107 ||| READING scroll labelled FUANTE KIEW.
   111 | D:1      | 111 ||| READING scroll labelled WUM DAALLEBYOM.
   125 | D:1      | Reached skill level 3 in Ranged Weapons
   602 | D:1      | 602 ||| READING 3 scrolls labelled SUSCHO CUFRA.
   603 | D:1      | 603 ||| READING scroll labelled BUASSU LESEX.
   604 | D:1      | 604 ||| READING scroll labelled PAZXANK WYROLY.
   609 | D:1      | 609 ||| DROPPING 2 scrolls of revelation.
   610 | D:1      | 610 ||| DROPPING scroll of poison.
   645 | D:2      | Reached XP level 3. HP: 21/21 MP: 4/4
   900 | D:2      | Reached XP level 4. HP: 26/26 MP: 5/5
   904 | D:2      | Reached skill level 4 in Ranged Weapons
  1134 | D:2      | Found Nahubib's Distillery.
  1240 | D:2      | 1240 ||| READING 2 scrolls of identify.
  1240 | D:2      | 1240 ||| IDENTIFYING black potion
  1288 | D:3      | Found Sosunolo's Armour Emporium.
  1297 | D:3      | 1297 ||| BUYING +0 leather armour (26 gold).
  1297 | D:3      | Bought a +0 leather armour for 26 gold pieces
  1297 | D:3      | 1297 ||| BUYING +0 pair of gloves (58 gold).
  1297 | D:3      | Bought a +0 pair of gloves for 58 gold pieces
  1297 | D:3      | 1297 ||| SHOPLISTING +0 ring mail (52 gold, have 5).
  1297 | D:3      | 1297 ||| SHOPLISTING +1 hat of willpower (208 gold, have
                  | 5).
  1297 | D:3      | 1297 ||| SHOPLISTING +1 robe of Vines {NoPotionHeal
                  | Regen++++} (1040 gold, have 5).
  1647 | D:3      | Found an ornate altar of the Wu Jian Council.
  1903 | D:3      | 1903 ||| UPGRADING to +0 leather armour.
  1913 | D:3      | 1913 ||| DROPPING +0 robe.
  1914 | D:3      | 1914 ||| UPGRADING to +0 pair of gloves.
  1919 | D:3      | 1919 ||| READING 2 scrolls of enchant armour.
  1919 | D:3      | 1919 ||| ENCHANTING +0 pair of gloves.
  1920 | D:3      | 1920 ||| READING scroll of enchant armour.
  1920 | D:3      | 1920 ||| ENCHANTING +1 pair of gloves.
  1956 | D:3      | 1956 ||| UPGRADING to +5 ring of evasion.
  1957 | D:3      | 1957 ||| READING scroll labelled SEGAIME FUUZI.
  2002 | D:4      | Found a sand-covered staircase.
  2003 | D:4      | 2003 ||| PLANNING OSSUARY
  2003 | D:4      | 2003 ||| STAIRDANCE
  2007 | D:4      | 2007 ||| STAIRDANCE
  2084 | Ossuary  | Entered an ossuary
  2135 | Ossuary  | Reached XP level 5. HP: 21/30 MP: 6/6
  2139 | Ossuary  | Reached skill level 5 in Ranged Weapons
  2161 | Ossuary  | 2161 ||| FLEEEEING.
  2267 | Ossuary  | Reached skill level 3 in Fighting
  2384 | Ossuary  | 2384 ||| READING scroll labelled VAIGRU GIFATSO.
  2385 | Ossuary  | 2385 ||| READING scroll labelled BIGRAU CEUSTRE.
  2386 | Ossuary  | 2386 ||| DRINKING 4 sedimented inky potions.
  2387 | Ossuary  | 2387 ||| DRINKING 3 bubbling yellow potions.
  2388 | Ossuary  | 2388 ||| DRINKING 2 viscous grey potions.
  2389 | Ossuary  | 2389 ||| READING 4 scrolls of identify.
  2389 | Ossuary  | 2389 ||| IDENTIFYING emerald potion
  2390 | Ossuary  | 2390 ||| READING 3 scrolls of identify.
  2390 | Ossuary  | 2390 ||| IDENTIFYING sedimented purple potion
  2391 | Ossuary  | 2391 ||| READING 2 scrolls of identify.
  2391 | Ossuary  | 2391 ||| IDENTIFYING yellow potion
  2392 | Ossuary  | 2392 ||| DROPPING potion of lignification.
  2393 | Ossuary  | 2393 ||| DROPPING 2 potions of brilliance.
  2417 | D:4      | 2417 ||| PLANNING D:1-11
  2450 | D:4      | HP: 4/32 [orc priest/divine providence (16)]
  2451 | D:4      | 2451 ||| READING scroll of teleportation.
  2452 | D:4      | 2452 ||| DRINKING 3 potions of heal wounds.
  2463 | D:4      | Reached XP level 6. HP: 37/37 MP: 7/7
  2656 | D:4      | Reached skill level 6 in Ranged Weapons
  2782 | D:4      | HP: 4/37 [ogre/+0 giant club (19)]
  2783 | D:4      | 2783 ||| DRINKING 2 potions of heal wounds.
  2985 | D:4      | Found a shimmering altar of Xom.
  2994 | D:4      | Reached XP level 7. HP: 41/41 MP: 8/8
  3014 | D:4      | 3014 ||| UPGRADING to +0 ring mail.
  3064 | D:4      | 3064 ||| DROPPING +0 leather armour.
  3292 | D:4      | 3292 ||| READING 2 scrolls of identify.
  3292 | D:4      | 3292 ||| IDENTIFYING green potion
  3293 | D:4      | 3293 ||| DROPPING potion of attraction.
  3318 | D:5      | Entered Level 5 of the Dungeon
  3644 | D:5      | Reached skill level 7 in Ranged Weapons
  3910 | D:5      | 3910 ||| READING 4 scrolls of identify.
  3910 | D:5      | 3910 ||| IDENTIFYING fuming red potion
  3911 | D:5      | 3911 ||| READING 3 scrolls of identify.
  3911 | D:5      | 3911 ||| IDENTIFYING blue potion
  3912 | D:5      | 3912 ||| READING 2 scrolls of identify.
  3912 | D:5      | 3912 ||| IDENTIFYING fuming dark potion
  3913 | D:5      | 3913 ||| DROPPING potion of degeneration.
  3914 | D:5      | 3914 ||| DROPPING potion of berserk rage.
  4141 | D:6      | Reached XP level 8. HP: 35/48 MP: 9/9
  4154 | D:6      | HP: 12/48 [gnoll/+0 spear[a gnoll bouda] (3)]
  4155 | D:6      | 4155 ||| DRINKING potion of heal wounds.
  4159 | D:6      | Reached skill level 8 in Ranged Weapons
  4163 | D:6      | HP: 12/48 [gnoll/+0 spear[a gnoll bouda] (2)]
  4168 | D:6      | HP: 6/48 [gnoll/+0 flail[a gnoll bouda] (2)]
  4170 | D:6      | Slain by a gnoll

Levels and vault maps discovered:
D:1:      dpeg_arrival_round_a, layout_rooms, nicolae_the_louvre
D:2:      layout_loops_cross, serial_shops, shop
D:3:      layout_loops_ring, nicolae_wu_jian_glorious_leap, serial_shops, shop
D:4:      layout_loops_ring, led_xom_imps, enter_ossuary_4,
          uniq_crazy_yiuf_cottage
D:5:      layout_basic, hellmonk_bongcloud_opening, minmay_misc_feat_room
D:6:      layout_basic, minmay_temple_entry_statues_pillars

Skill      XL: |  1  2  3  4  5  6  7  8 |
---------------+-------------------------+-----
Ranged Weapons | 3 4 5 6 7 8 |  8.0
Fighting       | 2 3 4 |  4.1
Armour         | 2 |  2.3
Dodging        | |  1.5
Spellcasting   | |  1.0
Hexes          | |  2.6

Action                     |  1- 3 |  4- 6 |  7- 9 || total
---------------------------+-------+-------+-------++-------
   Fire: Sling             |    84 |   246 |   221 ||   551
    Use: Scroll            |     5 |    10 |     4 ||    19
         Potion            |       |     5 |     1 ||     6
 Armour: Robe              |    11 |     3 |       ||    14
         Leather armour    |       |    23 |       ||    23
         Ring mail         |       |       |    97 ||    97
  Dodge: Dodged            |    15 |    99 |   229 ||   343

Table legend:
 A = Non-vault XP
 B = Vault XP
 C = Vault XP percentage of total XP
 D = Non-vault monster count
 E = Vault monster count
 F = Vault count percentage of total count
                 A         B        C        D         E       F
            +---------+---------+-------+---------+---------+-------
      Total |    1050 |     258 |  19.7 |      82 |      20 |  19.6
            +---------+---------+-------+---------+---------+-------
        D:1 |      26 |       0 |   0.0 |      17 |       0 |   0.0
        D:2 |     114 |       0 |   0.0 |      21 |       0 |   0.0
        D:3 |      15 |       0 |   0.0 |       7 |       0 |   0.0
        D:4 |     278 |     100 |  26.5 |      23 |       4 |  14.8
        D:5 |     315 |       0 |   0.0 |       6 |       0 |   0.0
        D:6 |     302 |       0 |   0.0 |       8 |       0 |   0.0
    Ossuary |       0 |     158 | 100.0 |       0 |      16 | 100.0
            +---------+---------+-------+---------+---------+-------
